 Dungeon Crawl Stone Soup version 0.27.0-1-g7a089689b8 (webtiles) character file.

Game seed: 16620490222132772504

249521 freelancePsychic the Sniper (level 19, -12/182 HPs)
             Began as a Minotaur Hunter on Aug 1, 2021.
             Was the Champion of Okawaru.
             Mangled by a white very ugly thing (29 damage)
             ... on level 2 of the Vaults.
             The game lasted 01:46:02 (44786 turns).

freelancePsychic the Sniper (Minotaur Hunter)      Turns: 44786, Time: 01:46:03

Health: -12/182    AC: 32    Str: 24    XL:     19   Next: 27%
Magic:  23/23      EV: 23    Int: 14    God:    Okawaru [******]
Gold:   696        SH:  0    Dex: 24    Spells: 18/18 levels left

rFire    . . .     SeeInvis +   b - +8 triple crossbow (freeze)
rCold    . . .     Faith    +   (shield currently unavailable)
rNeg     + . .     Spirit   .   V - +3 pearl dragon scales
rPois    +         Reflect  .   S - +2 hat {SInv}
rElec    .         Harm     .   m - +2 cloak
rCorr    .         Rampage  .   K - +2 pair of gloves of Parlour Games {Int+6 Dex+4}
Will     ++++.                  o - +0 pair of boots "Daytonao" {Will++ Dex+2 Slay+2}
Stlth    +.........             u - amulet "Foviruc" {Faith rPois}
HPRegen  0.40/turn              w - +6 ring of dexterity
MPRegen  0.18/turn              U - ring of willpower

@: about to teleport, studying Necromancy
A: horns 2, retaliatory headbutt
}: 1/15 runes: gossamer
a: Renounce Religion, Heroism, Finesse


You were on level 2 of the Vaults.
You worshipped Okawaru.
Okawaru was exalted by your worship.
You visited 6 branches of the dungeon, and saw 30 of its levels.
You visited the Abyss 1 time.
You visited 1 bazaar.
You also visited: Ossuary, Gauntlet, Ice Cave and Volcano.

You collected 5298 gold pieces.
You spent 4602 gold pieces at shops.

Inventory:

Hand Weapons
 a - the +6 arbalest "Damnation" {damnation}
   (You bought it in a shop on level 5 of the Dungeon)

   Any ammunition fired from it explodes in a burst of damnation on striking a
   foe, dealing damage which bypasses armour.
 b - a +8 triple crossbow of freezing (weapon)
 p - a +5 arbalest of flaming
Missiles
 d - 328 bolts (quivered ammo)
 F - 3 throwing nets
Armour
 m - a +2 cloak (worn)
 o - the +0 pair of boots "Daytonao" (worn) {Will++ Dex+2 Slay+2}
   (Okawaru gifted it to you on level 1 of the Vaults)

   Dex:       It affects your dexterity (+2).
   Slay:      It affects your accuracy & damage with ranged weapons and melee
   (+2).
   Will:      It greatly increases your willpower.
 r - the +1 hat of Beiceibb {rElec rN++ Int-5 Dex+2}
   (Okawaru gifted it to you on level 14 of the Dungeon)

   Int:       It affects your intelligence (-5).
   Dex:       It affects your dexterity (+2).
   rElec:     It insulates you from electricity.
   rN:        It greatly protects you from negative energy.
 K - the +2 pair of gloves of Parlour Games (worn) {Int+6 Dex+4}
   (You found it in a Gauntlet)

   Int:       It affects your intelligence (+6).
   Dex:       It affects your dexterity (+4).
 S - a +2 hat of see invisible (worn)
 V - +3 pearl dragon scales (worn)
Jewellery
 e - an amulet of magic regeneration
 q - a ring of fire
 s - a ring of flight
 u - the amulet "Foviruc" (around neck) {Faith rPois}
   (You acquired it in a bazaar)

   [amulet of faith]

   It allows you to gain divine favour quickly.
   rPois:     It protects you from poison.
 w - a +6 ring of dexterity (left hand)
 N - the amulet of Moodiness {rN+ Regen+ Dex+3}
   (You found it on level 1 of the Vaults)

   [amulet of regeneration]

   Dex:       It affects your dexterity (+3).
   rN:        It protects you from negative energy.
   Regen:     It increases your rate of health regeneration.
 T - the ring of Deywk {AC+4 Str+2}
   (You found it on level 1 of the Spider Nest)

   [ring of protection]

   AC:        It affects your AC (+4).
   Str:       It affects your strength (+2).
 U - a ring of willpower (right hand)
Wands
 f - a wand of polymorph (9)
 g - a wand of charming (26)
 n - a wand of paralysis (39)
 D - a wand of acid (5)
 I - a wand of iceblast (35)
 J - a wand of mindburst (44)
 M - a wand of flame (98)
 R - a wand of digging (4)
Scrolls
 c - 2 scrolls of brand weapon
 i - 6 scrolls of blinking
 j - a scroll of summoning
 v - 3 scrolls of holy word
 C - 11 scrolls of amnesia
 H - 6 scrolls of teleportation {@r4}
 L - a scroll of fog
 O - 5 scrolls of identify {@r1}
 Q - 2 scrolls of magic mapping
 W - a scroll of fear
Potions
 h - 9 potions of curing {@q1}
 k - a potion of berserk rage
 l - 6 potions of ambrosia
 t - 6 potions of heal wounds {@q2}
 x - 8 potions of lignification
 z - 5 potions of mutation
 A - 6 potions of flight
 B - 4 potions of invisibility
 E - a potion of might
 G - 2 potions of cancellation
 P - 7 potions of brilliance
 X - a potion of attraction
Miscellaneous
 y - a phantom mirror


   Skills:
 + Level 19.0 Fighting
 - Level 4.3 Staves
 - Level 21.1 Crossbows
 - Level 18.2 Armour
 - Level 16.0 Dodging
 - Level 0.7 Stealth
 + Level 7.1 Invocations
 - Level 5.1 Evocations


You had 18 spell levels left.
You didn't know any spells.
Your spell library contained the following spells:

 Spells                   Type           Power      Damage    Failure   Level
 Corona                   Hex            0%         N/A       50%         1
 Magic Dart               Conj           0%         1d3       50%         1
 Pain                     Necr           0%         1d4       50%         1
 Shock                    Conj/Air       0%         1d3       50%         1
 Call Imp                 Summ           0%         N/A       65%         2
 Ensorcelled Hibernation  Hex/Ice        0%         N/A       65%         2
 Sublimation of Blood     Necr           0%         N/A       65%         2
 Wereblood                Tmut           0%         N/A       65%         2
 Conjure Flame            Conj/Fire      0%         6-21      86%         3
 Ignite Poison            Fire/Tmut/Pois 0%         N/A       86%         3
 Mephitic Cloud           Conj/Pois/Air  0%         N/A       86%         3
 Spider Form              Tmut/Pois      0%         N/A       86%         3
 Swiftness                Air            0%         N/A       86%         3
 Tukima's Dance           Hex            0%         N/A       86%         3
 Airstrike                Air            0%         N/A       99%         4
 Passage of Golubria      Tloc           N/A        N/A       99%         4
 Sticky Flame             Conj/Fire      0%         2d3       99%         4
 Summon Ice Beast         Ice/Summ       0%         N/A       99%         4
 Agony                    Necr           0%         N/A       100%        5
 Excruciating Wounds      Necr           0%         N/A       100%        5
 Freezing Cloud           Conj/Ice/Air   0%         6-21      100%        5
 Metabolic Englaciation   Hex/Ice        0%         N/A       100%        5
 Silence                  Hex/Air        0%         N/A       100%        5
 Summon Forest            Summ/Tloc      0%         N/A       100%        5
 Summon Mana Viper        Hex/Summ       0%         N/A       100%        5
 Yara's Violent Unravell  Hex/Tmut       0%         3d3       100%        5
 Shadow Creatures         Summ           N/A        N/A       100%        6
 Simulacrum               Ice/Necr       0%         N/A       100%        6
 Monstrous Menagerie      Summ           0%         N/A       100%        7
 Ozocubu's Refrigeration  Ice            0%         4d5       100%        7
 Summon Hydra             Summ           0%         N/A       100%        7
 Lehudib's Crystal Spear  Conj/Erth      0%         10d2      100%        8


Dungeon Overview and Level Annotations

Branches:
Dungeon (15/15)            Temple (1/1) D:4            Lair (6/6) D:10
 Shoals (0/4) Lair:2       Spider (4/4) Lair:2        Slime (0/5) Lair:6
    Orc (2/2) D:12            Elf (0/3) Orc:2        Vaults (2/5) D:14
 Depths (0/5) D:15        Ossuary (visited)           IceCv (visited)
Volcano (visited)         Gauntlet (visited)
  Crypt: Vaults:2-3

Altars:
Ashenzari
Cheibriados
Dithmenos
Elyvilon
Fedhas
Gozag
Hepliaklqana
Kikubaaqudgha
Makhleb
Nemelex Xobeh
Okawaru
Qazlal
Ru
Sif Muna
Trog
Uskayaw
Vehumet
Wu Jian
Xom
Yredelemnul
Zin
The Shining One
Beogh
Jiyva

Shops:
D:1 (   D:5 *(!   D:7 [   D:8 *(   Orc:2 :**:

Annotations:
D:7 3 runed translucent doors, shadowrider38's ghost, novice MiBe
D:10 1 runed translucent door, Konebred's ghost, novice SpEn
D:15 Roxanne
Lair:6 1 runed translucent door


Innate Abilities, Weirdness & Mutations

You have a pair of horns on your head.
You reflexively headbutt those who attack you in melee.


Message History

The bolt hits the crystal guardian but does no damage.
The crystal guardian is heavily damaged.
The crystal guardian hits you!
The white ugly thing basks in the mutagenic energy from its kin and changes!
The white very ugly thing closely misses you.
Fire: 330 bolts
Press: ? - help, Q - select action, (/) - cycle Shift-Dir - straight line, f/p - crystal guardian
Aim: a crystal guardian (heavily damaged, strong, 98% to hit)
You shoot a bolt. The bolt hits the crystal guardian.
The crystal guardian is heavily damaged.
The crystal guardian fires a crystalline bolt at you.
The crystal bolt misses you.
The white very ugly thing tentacle-slaps you!
The white very ugly thing freezes you!!!
* * * LOW HITPOINT WARNING * * *
Fire: 329 bolts
Press: ? - help, Q - select action, (/) - cycle Shift-Dir - straight line, f/p - crystal guardian
Aim: a crystal guardian (heavily damaged, strong, 98% to hit)
You shoot a bolt.
The bolt hits the crystal guardian but does no damage.
The crystal guardian is heavily damaged.
The crystal guardian fires a crystalline bolt at you.
The crystal bolt misses you. The white very ugly thing misses you.
You furiously retaliate!
You headbutt the white very ugly thing!
As you read the scroll of teleportation {@r4}, it crumbles to dust.
You feel strangely unstable.
You feel like a meek peon again. The crystal guardian hits you!!
* * * LOW HITPOINT WARNING * * *
The white very ugly thing completely misses you.
You furiously retaliate!
You headbutt the white very ugly thing!
The green ugly thing basks in the mutagenic energy from its kin and changes!
You feel much better.
The crystal guardian fires a crystalline bolt at you.
The crystal bolt burns you!!
* * * LOW HITPOINT WARNING * * *
The white very ugly thing tentacle-slaps you.
* * * LOW HITPOINT WARNING * * *
The white very ugly thing freezes you!!
You die...

#(... #.... . #.... ..
######## ##### ...
#....[.# ###### ....
#......# #..... .....
#......# #[....
.....9#u.....######)###.
^...uu8@.....#..#.....#.
##+####...)[.#..###.####
#......#..#).(....
#....))[..###.###.
#......#....#.#.#.
..'......#..#####.#.
#.#......#..[.......
##########..........
###########


You could see a white very ugly thing, 2 ugly things, a crystal guardian
(strong) and a war gargoyle (strong).

Vanquished Creatures
  Bai Suzhen (Spider:3)
  Kirke (Lair:5)
  A storm dragon (Vaults:1)
  A tengu reaver (Vaults:1)
  3 orc warlords
  4 ghost moths
  6 vault wardens (Vaults:1)
  10 emperor scorpions
  5 very ugly things
  11 ironbound preservers
  3 dire elephants
  The ghost of Ruewk the Archer, a journeyman CeAM of Okawaru (Lair:5)
  A yaktaur captain (Vaults:2)
  3 ice dragons (D:15)
  3 ironbound thunderhulks
  2 naga warriors (Abyss:2)
  3 vault guards
  Harold (Lair:2)
  4 boulder beetles
  An ogre mage (D:15)
  10 centaur warriors
  11 hydras
  3 ironbound frosthearts (Vaults:1)
  A death knight (D:15)
  A catoblepas (D:13)
  10 two-headed ogres
  2 tengu warriors
  A deep troll earth mage (D:13)
  3 thrashing horrors (Abyss:2)
  8 death yaks
  3 orc high priests (Orc:2)
  4 ironbound beastmasters
  Nergalle (D:11)
  Sonja (Lair:2)
  A fire crab (shapeshifter) (D:15)
  2 hell knights
  3 skeletal warriors (D:14)
  A salamander mystic (Volcano)
  A sixfirhy (Abyss:2)
  2 goliath frogs (Lair:6)
  3 wretched stars (Abyss:2)
  24 deep trolls
  7 ironbound convokers
  11 orc knights
  A harpy (Vaults:1)
  Pikel (D:5)
  2 deep elf pyromancers
  2 phantasmal warriors (Vaults:1)
  6 wizards
  A lindwurm (Vaults:1)
  3 oklob plants (Lair:6)
  23 ugly things
  2 necromancers
  21 wolf spiders
  A manticore (D:12)
  3 orc sorcerers (Orc:2)
  5 cyclopes
  5 salamanders (Volcano)
  23 orb spiders
  A merfolk siren (Lair:2)
  A worldbinder (Abyss:2)
  13 vault sentinels
  10 centaur zombies
  An ice statue (IceCv)
  A guardian serpent (Abyss:2)
  9 elephants
  2 moths of wrath
  3 torpor snails
  2 large abominations
  An apocalypse crab (Abyss:2)
  2 black mambas
  2 gargoyles
  30 cane toads
  A smoke demon (Gauntlet)
  A guardian serpent (shapeshifter) (D:15)
  An orange demon (Abyss:2)
  2 rime drakes
  4 kobold demonologists
  6 freezing wraiths (IceCv)
  14 ice devils
  An unseen horror (D:9)
  13 komodo dragons
  13 yaktaurs
  12 demonic crawlers
  3 ancient zymes (Abyss:2)
  A red devil (Gauntlet)
  An efreet (D:15)
  An entropy weaver simulacrum (IceCv)
  2 tengu conjurers
  A silent spectre (Abyss:2)
  2 tyrant leeches (Lair:6)
  38 jumping spiders
  4 polar bears
  8 trolls
  A hornet (shapeshifter) (D:15)
  9 hornets
  4 dream sheep (Lair:5)
  34 slime creatures
  4 raiju (Abyss:2)
  20 blink frogs
  An alligator skeleton (Abyss:2)
  A centaur simulacrum (D:15)
  45 redbacks
  A ynoxinul (Abyss:2)
  26 tarantellas
  3 hogs (Lair:5)
  3 wyverns
  64 yaks
  4 shadows
  A dire elephant simulacrum (IceCv)
  6 wraiths
  22 humans (D:14)
  15 vampire mosquitoes
  8 basilisks
  3 death yak simulacra (IceCv)
  A steam dragon (D:8)
  A warg (D:12)
  4 acid dragons
  2 harpy simulacra (IceCv)
  An ice beast (D:7)
  19 water moccasins
  25 orc warriors
  A sky beast (D:7)
  3 black bears
  12 ogres
  A necrophage (D:4)
  32 wolves
  10 centaurs
  A lemure (D:5)
  2 small abominations
  14 bullfrogs
  2 elf zombies (Ossuary)
  2 kobold brigands (D:9)
  3 scorpions
  6 cane toad simulacra (IceCv)
  A water moccasin skeleton (D:5)
  13 killer bees (D:9)
  2 elephant simulacra (IceCv)
  4 howler monkeys
  A wight (D:9)
  An electric eel (Lair:6)
  4 crimson imps (Gauntlet)
  A quasit (Abyss:2)
  A human zombie (Ossuary)
  4 hounds
  A jelly (D:7)
  16 orc priests
  A centaur skeleton (D:7)
  2 gnoll shamans
  An iguana (D:4)
  An iron imp (Abyss:2)
  A bullfrog skeleton (D:5)
  26 orc wizards
  3 polar bear simulacra (IceCv)
  4 hell rats (Lair:1)
  A troll simulacrum (IceCv)
  A spriggan simulacrum (IceCv)
  2 killer bee zombies
  6 wolf simulacra (IceCv)
  A hound zombie (Ossuary)
  3 mummies (Ossuary)
  3 howler monkey zombies
  5 adders
  8 gnolls
  2 naga simulacra (IceCv)
  11 river rats (Lair:1)
  6 white imps
  2 ufetubi
  4 adder zombies (Ossuary)
  3 worms
  3 dart slugs
  73 orcs
  7 ball pythons
  2 bats
  3 endoplasms
  2 giant cockroaches
  2 gnoll zombies (Ossuary)
  7 goblins
  5 hobgoblins
  8 jackals
  7 quokkas
  2 frilled lizards
  3 goblin zombies (Ossuary)
  2 hobgoblin zombies (Ossuary)
  4 jackal zombies (Ossuary)
  12 kobolds
  4 kobold zombies (Ossuary)
  An orc zombie (Ossuary)
  3 quokka zombies (Ossuary)
  18 rats
  6 rat zombies (Ossuary)
1222 creatures vanquished.

Vanquished Creatures (others)
  A very ugly thing (Vaults:2)
  A centaur warrior (D:9)
  Maurice (D:8)
  2 humans (Lair:5)
  A yak (D:9)
  A bush (Lair:6)
  71 fungi
  138 plants
216 creatures vanquished.

Grand Total: 1438 creatures vanquished

Notes
Turn   | Place    | Note
-------+----------+-------------------------------------------
     0 | D:1      | freelancePsychic the Minotaur Hunter began the quest for
                  | the Orb.
     0 | D:1      | Reached XP level 1. HP: 18/18 MP: 0/0
    32 | D:1      | Found Zeiwkor's Weapon Shop.
   250 | D:1      | Reached skill level 1 in Staves
   251 | D:1      | Reached XP level 2. HP: 20/26 MP: 1/1
   324 | D:1      | Found a faded altar of an unknown god.
   400 | D:1      | You fall into a shaft and drop 1 floor!
   986 | D:2      | Reached XP level 3. HP: 16/31 MP: 2/2
  2457 | D:3      | Found a white marble altar of Elyvilon.
  2521 | D:3      | Found a shimmering altar of Xom.
  2783 | D:3      | Found an ornate altar of the Wu Jian Council.
  2795 | D:3      | Reached XP level 4. HP: 38/39 MP: 3/3
  3229 | D:4      | Found a broken altar of Ashenzari.
  3271 | D:4      | Noticed an ogre
  3395 | D:3      | Reached XP level 5. HP: 29/47 MP: 4/4
  3654 | D:4      | Reached skill level 5 in Fighting
  3954 | D:4      | Noticed a necrophage
  3964 | D:5      | Entered Level 5 of the Dungeon
  4005 | D:5      | Found Bangafru's Distillery.
  4026 | D:5      | Reached XP level 6. HP: 38/57 MP: 5/5
  4136 | D:5      | Reached skill level 5 in Crossbows
  4444 | D:5      | Noticed Pikel
  4593 | D:4      | Reached XP level 7. HP: 58/64 MP: 6/6
  4710 | D:4      | Reached skill level 6 in Crossbows
  4772 | D:4      | Found a staircase to the Ecumenical Temple.
  4788 | Temple   | Entered the Ecumenical Temple
  4938 | Temple   | Became a worshipper of Warmaster Okawaru
  5055 | D:5      | Found a blossoming altar of Fedhas.
  5067 | D:5      | Killed Pikel
  5067 | D:5      | Reached * piety under Okawaru
  5068 | D:5      | Reached skill level 7 in Crossbows
  5068 | D:5      | Reached XP level 8. HP: 44/75 MP: 7/7
  5418 | D:5      | Reached skill level 8 in Crossbows
  5476 | D:5      | Found Ikuimm's Assorted Antiques.
  5507 | D:5      | Found Kuatze's Antique Weapon Emporium.
  6510 | D:7      | Reached ** piety under Okawaru
  6511 | D:7      | Reached skill level 10 in Fighting
  6511 | D:7      | Reached skill level 9 in Crossbows
  6511 | D:7      | Reached XP level 9. HP: 85/85 MP: 8/8
  6683 | D:7      | Found Rauson's Antique Armour Shop.
  6695 | D:7      | Bought a translucent scale mail for 153 gold pieces
  6695 | D:7      | Identified the +1 scale mail "Ushynlot" {rN++ Will+ Int-2}
                  | (You bought it in a shop on level 7 of the Dungeon)
  6706 | D:7      | Bought an embroidered cloak for 127 gold pieces
  6953 | D:7      | Identified the +6 spear of the Twisting Oracle {freeze,
                  | rF++}
  7120 | D:7      | Found a runed translucent gate.
  7120 | D:7      | Noticed shadowrider38's ghost (novice MiBe)
  7121 | D:7      | Found a runed translucent gate.
  7122 | D:7      | Found a runed translucent gate.
  7673 | D:8      | Reached skill level 10 in Crossbows
  7685 | D:8      | Found Ogoce's Weapon Emporium.
  7700 | D:8      | Found Qekun's Lightly-Used Armoury.
  7709 | D:8      | Reached *** piety under Okawaru
  7710 | D:8      | Reached skill level 1 in Armour
  7790 | D:8      | Paralysed by a hornet for 2 turns
  7834 | D:8      | Found a sand-covered staircase.
  7914 | Ossuary  | Entered an ossuary
  8461 | D:9      | Reached skill level 1 in Invocations
  8627 | D:9      | Received a gift from Okawaru
  8634 | D:9      | Noticed a centaur warrior
  8660 | D:9      | Reached XP level 10. HP: 22/96 MP: 8/11
  8884 | D:9      | Found a sacrificial altar of Ru.
  8915 | D:9      | Reached skill level 5 in Armour
  9454 | D:9      | Noticed an eight-headed hydra
  9524 | D:8      | Found a burning altar of Makhleb.
  9525 | D:8      | Noticed Maurice
  9556 | D:8      | Killed Maurice
  9664 | D:8      | Reached skill level 5 in Dodging
  9668 | D:8      | Reached **** piety under Okawaru
 10079 | D:9      | Killed an eight-headed hydra
 10235 | D:9      | Noticed a two-headed ogre
 10275 | D:8      | Killed a two-headed ogre
 10275 | D:8      | Received a gift from Okawaru
 10587 | D:9      | Noticed a centaur warrior
 10738 | D:8      | Reached XP level 11. HP: 94/102 MP: 13/13
 10922 | D:8      | Killed a centaur warrior
 11212 | D:8      | Paralysed by a hornet for 3 turns
 11217 | D:8      | Paralysed by a hornet for 1 turns
 11753 | D:9      | Reached ***** piety under Okawaru
 11816 | D:9      | Received a gift from Okawaru
 11831 | D:9      | Reached skill level 10 in Armour
 12202 | D:9      | Found a stormy altar of Qazlal.
 12254 | D:9      | Found a glowing silver altar of Zin.
 12571 | D:10     | Entered Level 10 of the Dungeon
 12715 | D:10     | Reached skill level 1 in Evocations
 13025 | D:10     | Found a shimmering blue altar of Sif Muna.
 13281 | D:10     | Found a runed translucent door.
 13282 | D:10     | Noticed a spriggan rider
 13282 | D:10     | Identified the +6 trident "Suenuu Titik" {flame, Contam rF+
                  | Int+7}
 13282 | D:10     | Noticed Konebred's ghost (novice SpEn)
 13315 | D:10     | Found an opulent altar of Gozag.
 13356 | D:10     | Found a staircase to the Lair.
 13364 | D:10     | Received a gift from Okawaru
 13715 | D:11     | Reached skill level 11 in Crossbows
 13716 | D:11     | Noticed a two-headed ogre
 13718 | D:11     | Noticed a five-headed hydra
 13739 | D:10     | Killed a two-headed ogre
 13739 | D:10     | Received a gift from Okawaru
 13970 | D:11     | Killed a five-headed hydra
 13970 | D:11     | Received a gift from Okawaru
 13971 | D:11     | Reached XP level 12. HP: 103/110 MP: 11/14
 13994 | D:11     | Noticed Nergalle
 14000 | D:11     | Noticed a boulder beetle
 14019 | D:10     | Killed a boulder beetle
 14046 | D:11     | Killed Nergalle
 14047 | D:11     | Reached skill level 12 in Crossbows
 14059 | D:11     | Identified 2 scrolls of acquirement
 14060 | D:11     | Acquired 664 gold pieces
 14062 | D:11     | Acquired 371 gold pieces
 14141 | D:11     | Noticed a two-headed ogre
 14146 | D:11     | Killed a two-headed ogre
 14146 | D:11     | Received a gift from Okawaru
 14171 | D:11     | Found a frozen archway.
 14186 | D:11     | Reached skill level 5 in Evocations
 14189 | D:11     | HP: 4/110 [ice devil (23)]
 14218 | IceCv    | Entered an ice cave
 14855 | IceCv    | Reached skill level 13 in Crossbows
 15796 | IceCv    | Received a gift from Okawaru
 15798 | IceCv    | Reached skill level 14 in Crossbows
 16082 | IceCv    | Found an ancient bone altar of Kikubaaqudgha.
 16152 | IceCv    | Received a gift from Okawaru
 16670 | IceCv    | Got the Tome of Ice
 17157 | D:12     | Received a gift from Okawaru
 17161 | D:12     | Reached skill level 15 in Crossbows
 17163 | D:12     | Reached XP level 13. HP: 116/116 MP: 13/15
 17373 | D:12     | Received a gift from Okawaru
 17771 | D:12     | Found a staircase to the Orcish Mines.
 17810 | Orc:1    | Entered Level 1 of the Orcish Mines
 17812 | Orc:1    | Received a gift from Okawaru
 17813 | Orc:1    | Reached skill level 16 in Crossbows
 17828 | Orc:1    | Noticed an orc warlord
 18482 | Lair:1   | Entered Level 1 of the Lair of Beasts
 18744 | Lair:1   | Found a gate leading to a gauntlet.
 18770 | Gauntlet | Entered a Gauntlet
 18770 | Gauntlet | Found a transporter.
 18770 | Gauntlet | Found a transporter.
 18883 | Gauntlet | Found a transporter.
 18886 | Gauntlet | Found a transporter.
 18903 | Gauntlet | Found a transporter.
 18907 | Gauntlet | Found a runed translucent door.
 18907 | Gauntlet | Found a runed translucent door.
 18911 | Gauntlet | Found a transporter.
 18915 | Gauntlet | Found a transporter.
 18924 | Gauntlet | Found a transporter.
 18939 | Gauntlet | Found a transporter.
 18953 | Gauntlet | Found a transporter.
 18957 | Gauntlet | Found a transporter.
 18965 | Gauntlet | Found a transporter.
 19209 | Gauntlet | Found a runed translucent door.
 19225 | Gauntlet | Reached skill level 17 in Crossbows
 19257 | Gauntlet | Identified the +2 pair of gloves of Parlour Games {Int+6
                  | Dex+4}
 19282 | Gauntlet | Noticed a minotaur
 20211 | Lair:2   | Noticed Sonja
 20215 | Lair:2   | Killed Sonja
 20267 | Lair:2   | Found a hide-covered altar of Uskayaw.
 20546 | Lair:2   | Noticed Harold
 20552 | Lair:2   | Killed Harold
 20566 | Lair:2   | Reached skill level 18 in Crossbows
 20573 | Lair:2   | Received a gift from Okawaru
 20660 | Lair:2   | Found a dark tunnel.
 20666 | Volcano  | Entered a volcano
 20882 | Volcano  | Reached XP level 14. HP: 84/125 MP: 16/16
 21051 | Volcano  | Received a gift from Okawaru
 21451 | Lair:2   | Found a staircase to the Shoals.
 21783 | Lair:2   | Found a hole to the Spider Nest.
 23140 | Lair:4   | Found a bloodstained altar of Trog.
 24043 | Lair:5   | Received a gift from Okawaru
 24111 | Lair:5   | Noticed Kirke
 24123 | Lair:5   | Killed Kirke
 24123 | Lair:5   | Received a gift from Okawaru
 24191 | Lair:5   | Acquired a +2 hat of see invisible
 24454 | D:5      | Bought the +6 arbalest "Damnation" {damnation} for 1760
                  | gold pieces
 24454 | D:5      | Found the +6 arbalest "Damnation" {damnation}
 24683 | Lair:5   | Found a runed translucent door.
 24683 | Lair:5   | Noticed Ruewk's ghost (journeyman CeAM)
 24729 | Lair:5   | Killed Ruewk's ghost
 24736 | Lair:5   | Acquired 643 gold pieces
 25125 | Lair:6   | Entered Level 6 of the Lair of Beasts
 25425 | Lair:6   | Reached XP level 15. HP: 69/139 MP: 17/17
 25792 | Lair:6   | Reached skill level 15 in Fighting
 25797 | Lair:6   | Reached ****** piety under Okawaru
 26036 | Lair:6   | Received a gift from Okawaru
 26335 | Lair:6   | Found a runed translucent door.
 26343 | Lair:6   | Found a viscous altar of Jiyva.
 26345 | Lair:6   | Found a staircase to the Slime Pits.
 26394 | Lair:6   | Reached skill level 15 in Armour
 27150 | D:12     | Killed an orc warlord
 27700 | Orc:2    | Entered Level 2 of the Orcish Mines
 27832 | Orc:2    | Received a gift from Okawaru
 28123 | Orc:2    | Received a gift from Okawaru
 28182 | Orc:2    | Found Zumoch's Book Shop.
 28182 | Orc:2    | Found Fiasikhla's Assorted Antiques.
 28186 | Orc:2    | Found Reonamuc's Book Shoppe.
 28186 | Orc:2    | Found Caduff's Assorted Antiques.
 28270 | Orc:2    | Found a staircase to the Elven Halls.
 28595 | D:13     | Received a gift from Okawaru
 28954 | D:13     | Reached skill level 10 in Dodging
 29009 | D:13     | Received a gift from Okawaru
 29027 | D:13     | Noticed a frost giant
 29968 | D:14     | Reached XP level 16. HP: 136/155 MP: 18/18
 30617 | D:14     | Cast into level 2 of the Abyss (a wizard)
 30662 | Abyss:2  | Noticed a Hell Sentinel
 30709 | Abyss:2  | Noticed a tentacled starspawn
 31009 | Abyss:2  | Noticed an Executioner
 31407 | D:14     | Escaped the Abyss
 31787 | D:14     | Found a gate to the Vaults.
 31997 | D:14     | Identified the +1 hat of Beiceibb {rElec rN++ Int-5 Dex+2}
                  | (Okawaru gifted it to you on level 14 of the Dungeon)
 31997 | D:14     | Received a gift from Okawaru
 32052 | D:14     | Found an ornate altar of the Wu Jian Council.
 32315 | D:15     | Entered Level 15 of the Dungeon
 32376 | D:15     | Noticed Roxanne
 32875 | D:15     | Found a flickering gateway to a bazaar.
 32887 | Bazaar   | Entered a bazaar
 32887 | Bazaar   | Found Xohemuah's General Store.
 32887 | Bazaar   | Found Fiqekyh's Magic Scroll Boutique.
 32887 | Bazaar   | Found Maups's Antique Weapon Shoppe.
 32887 | Bazaar   | Found Ketwaude's Antique Weapon Shop.
 32889 | Bazaar   | Found Cuwisaw's Magic Scroll Shop.
 32891 | Bazaar   | Bought a scroll of enchant armour for 67 gold pieces
 32891 | Bazaar   | Bought a scroll of teleportation for 27 gold pieces
 32923 | Bazaar   | Bought a scroll of acquirement for 624 gold pieces
 32923 | Bazaar   | Acquired the amulet "Foviruc" {Faith rPois}
 32936 | Bazaar   | Bought a scroll of enchant weapon for 112 gold pieces
 32936 | Bazaar   | Bought 3 scrolls of enchant weapon for 337 gold pieces
 33607 | D:15     | Found a staircase to the Depths.
 33850 | Spider:1 | Entered Level 1 of the Spider Nest
 34082 | Spider:1 | Identified the ring of Deywk {AC+4 Str+2}
 34723 | Spider:1 | Received a gift from Okawaru
 35351 | Spider:1 | Reached XP level 17. HP: 163/163 MP: 19/19
 36060 | D:8      | Bought -2 pearl dragon scales for 1170 gold pieces
 36222 | Orc:2    | Bought a scroll of enchant armour for 225 gold pieces
 36988 | Spider:2 | Identified the +0 pair of gloves "Koit" {Will+} (Okawaru
                  | gifted it to you on level 2 of the Spider Nest)
 36988 | Spider:2 | Received a gift from Okawaru
 39573 | Spider:4 | Entered Level 4 of the Spider Nest
 39573 | Spider:4 | Noticed Bai Suzhen
 39588 | Spider:3 | Killed Bai Suzhen
 39843 | Spider:3 | Reached skill level 15 in Dodging
 40019 | Spider:4 | Received a gift from Okawaru
 40978 | Spider:4 | Got a gossamer rune of Zot
 41030 | Spider:4 | Received a gift from Okawaru
 41460 | Vaults:1 | Entered Level 1 of the Vaults
 41644 | Vaults:1 | Reached XP level 18. HP: 172/172 MP: 20/20
 42017 | Vaults:1 | Reached skill level 19 in Crossbows
 42082 | Vaults:1 | Received a gift from Okawaru
 42321 | Vaults:1 | Received a gift from Okawaru
 42610 | Vaults:1 | Received a gift from Okawaru
 42611 | Vaults:1 | Reached skill level 20 in Crossbows
 42686 | Vaults:1 | Received a gift from Okawaru
 42892 | Vaults:1 | Found a transporter.
 42945 | Vaults:1 | Found a transporter.
 43018 | Vaults:1 | Received a gift from Okawaru
 43048 | Vaults:1 | Identified the +0 pair of boots "Daytonao" {Will++ Dex+2
                  | Slay+2} (Okawaru gifted it to you on level 1 of the Vaults)
 43048 | Vaults:1 | Received a gift from Okawaru
 43437 | Vaults:1 | Identified the amulet of Moodiness {rN+ Regen+ Dex+3}
 43513 | Vaults:1 | Reached skill level 21 in Crossbows
 44326 | Vaults:2 | Reached skill level 5 in Invocations
 44412 | Vaults:2 | Reached XP level 19. HP: 180/180 MP: 21/21
 44573 | Vaults:2 | Received a gift from Okawaru
 44656 | Vaults:2 | Identified the +1 ring mail of the Twelve Curses {Harm
                  | Dex+4} (Okawaru gifted it to you on level 2 of the Vaults)
 44656 | Vaults:2 | Received a gift from Okawaru
 44786 | Vaults:2 | Mangled by a white very ugly thing

Illustrated notes

Levels and vault maps discovered:
D:1:      dpeg_arrival_oval, layout_basic,
          hellmonk_ecumenical_altar_prayer_group, serial_shops, shop_fountains
D:2:      layout_loops_corners, eino_tiny_chamber
D:3:      layout_loops_ring, mainiacjoe_overflow_alcove_1,
          mainiacjoe_overflow_cross_hatched, mainiacjoe_overflow_catwalk
D:4:      layout_rooms, amcnicky_altar_gilded, minmay_temple_entry_proselytizer
D:5:      layout_basic, fedhas_ov_isle_minmay, serial_shops, shop, shop,
          nicolae_diamond_shop, uniq_pikel
D:6:      layout_loops_ring
D:7:      layout_basic, biasface_ghost_orc_armoury, serial_shops,
          nicolae_stop_n_shop_1, lemuel_flamethrower_1
D:8:      layout_cave_pools, mainiacjoe_overflow_chevrons,
          nicolae_ossuary_entry_plus, serial_shops, shop, abandoned_shop,
          minmay_shop_damaged, uniq_maurice
D:9:      minmay_imperfect_grid, layout_basic, hangedman_ru_absence,
          mainiacjoe_overflow_surrounded_room, overflow_temple_1_default,
          palyth_stone_intersect
D:10:     layout_roguey, mainiacjoe_overflow_alcove_4, old_standard_altar,
          due_lair_maze_entry_diamond, ebering_ghost_funeral_grove,
          minmay_strange_pillars
D:11:     layout_cross, serial_park, serial_park_square3
          [serial_park_minivault_5x5_5], serial_park_gazebo
          [serial_park_minivault_5x5_4], serial_park_square3
          [serial_park_minivault_5x5_2], serial_park_square2,
          serial_park_square2, portal_ice_cave_demonic_guard, uniq_nergalle
D:12:     layout_basic, hiddenorc2_lemuel
D:13:     layout_cave_pods, wad_dig_loot
D:14:     layout_stronghold, grunt_vaults_entry_tiered,
          nicolae_wu_jian_immortal_techniques
D:15:     grunt_enter_depths_hoard, layout_loops_cross, minmay_crystal_room,
          serial_shops, bzr_firewalk, uniq_roxanne
Temple:   jpeg_temple_clearing
Lair:1:   lemuel_ratsnest, layout_regular_city, gauntlet_entry_generic,
          grunt_megastairs_5
Lair:2:   layout_regular_city, minmay_shoals_entry_lonely_mermaid,
          dummy_spider_entry, nicolae_volcano_entry_s_turn, basic_altar,
          nicolae_quartered_pool_medium, minivault_27, grunt_megastairs_4,
          uniq_harold, uniq_sonja
Lair:3:   layout_loops_ring
Lair:4:   layout_long_grid, basic_altar, kennysheep_basilisk_garden
Lair:5:   layout_concentric_octagons, gammafunk_ghost_grave, grunt_megastairs_3,
          uniq_kirke
Lair:6:   minmay_lair_end_frog_pond, layout_layer_cave, slime_altar_2,
          minmay_lair_oklob_chamber
Spider:1: nicolae_spider_hilbert_zone_4 [nicolae_spider_hilbert_4_sides_2_open,
          nicolae_spider_hilbert_4_sides_1_open,
          nicolae_spider_hilbert_4_sides_1_open,
          nicolae_spider_hilbert_4_sides_1_open,
          nicolae_spider_hilbert_4_sides_1_open,
          nicolae_spider_hilbert_2_sides_1_open,
          nicolae_spider_hilbert_2_sides_1_open,
          nicolae_spider_hilbert_2_sides_1_open,
          nicolae_spider_hilbert_2_sides_1_open,
          nicolae_spider_hilbert_6_sides_1_open,
          nicolae_spider_hilbert_6_sides_1_open,
          nicolae_spider_hilbert_3_sides_1_open,
          nicolae_spider_hilbert_3_sides_1_open], nicolae_spider_wall_of_niches
Spider:2: nicolae_spider_mines_2
Spider:3: layout_chambers, hangedman_spider_mandibles,
          nicolae_spider_claw_tunnel
Spider:4: grunt_spider_rune_circles, uniq_bai_suzhen
Orc:1:    layout_caves, uniq_erolcha
Orc:2:    grunt_orc_tribal_feast, layout_caves, abandoned_shop
Vaults:1: ontoclasm_vaults_ring_small, hangedman_vaults_nails, v_alt_pattern_2,
          hangedman_vaults_corner, v_misc_23, nicolae_vaults_little_squares_2,
          grunt_vaults_swirl, gammafunk_the_bubble
          [the_bubble_gammafunk_plus_minus], ontoclasm_vaults_ligature,
          hangedman_vaults_nails, v_misc_32, v_misc_19, vaults_room_hallway,
          nicolae_vaults_little_squares_6, layout_vaults_big_cross
Vaults:2: nicolae_vaults_network_s, grunt_vaults_twisty,
          nicolae_vaults_triangles, vaults_dpeg_ring, vaults_room_large_hall,
          nicolae_vaults_angled_halls, ontoclasm_vaults_spin,
          ontoclasm_vaults_twist, v_misc_8, st_check, nicolae_vaults_asterisk,
          v_misc_18, nicolae_vaults_big_ls, vaults_dpeg_diagonal,
          nicolae_vaults_diagonal_hallway_8, vaults_dpeg_cross,
          layout_vaults_maze_bifur, serial_shops, nicolae_shop_crystal

Skill      XL: |  1  2  3  4  5  6  7  8  9 10 11 12 13 14 15 16 17 18 19 |
---------------+----------------------------------------------------------+-----
Staves         | 1 2 3 4 |  4.3
Fighting       | 3 4 5 6 8 10 11 14 17 18 19 | 19.0
Crossbows      | 5 7 9 10 11 15 18 21 | 21.1
Armour         | 4 8 10 14 15 18 | 18.2
Invocations    | 3 4 5 7 |  7.1
Dodging        | 3 7 9 10 13 15 16 | 16.0
Evocations     | 4 5 |  5.1
Stealth        | |  0.7

Action                   |  1- 3 |  4- 6 |  7- 9 | 10-12 | 13-15 | 16-18 | 19-21 || total
-------------------------+-------+-------+-------+-------+-------+-------+-------++-------
Melee: Quarterstaff      |   102 |   101 |    84 |       |       |       |       ||   287
       Headbutt          |    14 |    16 |    48 |    79 |       |     3 |       ||   160
       Short sword       |       |     1 |       |       |       |       |       ||     1
       Spear             |       |       |   150 |   304 |       |       |       ||   454
       Punch             |       |       |       |     1 |       |       |       ||     1
       Arbalest          |       |       |       |       |       |     7 |       ||     7
 Fire: Hand crossbow     |     1 |     8 |    98 |    83 |       |       |       ||   190
       Arbalest          |       |       |       |   246 |  1128 |  1106 |    20 ||  2500
       Triple crossbow   |       |       |       |       |       |   128 |    68 ||   196
Invok: Heroism           |       |       |     3 |    23 |     8 |    14 |     3 ||    51
       Finesse           |       |       |       |     3 |     4 |     4 |     1 ||    12
Evoke: Wand              |       |       |       |    11 |       |    22 |       ||    33
       Phantom mirror    |       |       |       |       |       |     1 |       ||     1
  Use: Scroll            |     3 |     1 |    13 |    12 |     9 |    29 |     1 ||    68
       Potion            |       |       |     1 |     5 |       |     2 |     1 ||     9
 Stab: Sleeping          |     1 |       |     3 |       |       |       |       ||     4
       Paralysed         |       |       |       |     5 |       |       |       ||     5
Armor: Leather armour    |    33 |    10 |       |       |       |       |       ||    43
       Ring mail         |       |    27 |    57 |       |       |       |       ||    84
       Scale mail        |       |       |    91 |   110 |       |       |       ||   201
       Plate armour      |       |       |       |   217 |   284 |   175 |       ||   676
       Pearl dragon scal |       |       |       |       |       |   287 |    26 ||   313
Dodge: Dodged            |    58 |    60 |   130 |   338 |   300 |   645 |    68 ||  1599
